 Dungeon Crawl Stone Soup version 0.31-a0-609-g7bf6ffcfed (webtiles) character file.

Game seed: 12215724064104485640

718 Hubris850 the Changeling (level 7, -1/91 HPs)
             Began as a Troll Shapeshifter on Aug 21, 2023.
             Was a Believer of Trog.
             Slain by a gnoll
             ... wielding a +0 club
             ... led by a gnoll sergeant
              (3 damage)
             ... on level 5 of the Dungeon.
             The game lasted 00:09:24 (2884 turns).

Hubris850 the Changeling (Troll Shapeshifter)       Turns: 2884, Time: 00:09:25

Health: -1/91      AC:  5    Str: 26    XL:     7   Next: 42%
Magic:  6/6        EV: 10    Int:  4    God:    Trog [**....]
Gold:   75         SH:  0    Dex: 10    Spells: 6/6 levels left

rFire   . .          .
                       - Unarmed
rCold   . . .        (shield currently unavailable)
rNeg    . . .        a - +0 animal skin
rPois   +            (helmet restricted)
rElec   .            h - +0 cloak
rCorr   .            (gloves unavailable)
SInv    .            (boots unavailable)
Will    .....        e - amulet of the acrobat Stlth
                     g - ring of poison resistance
HPRegen 1.15/turn    (no ring)
MPRegen 0.10/turn

%: acrobat
@: berserking, lethally poisoned (-1 -> -2), flux-form, glowing, very quick
A: glow, contaminating, large, unfitting armour, claws 3, regeneration 1, shaggy
fur 1, tough skin 1
a: Begin Untransformation, Renounce Religion, Berserk, Trog's Hand


You were on level 5 of the Dungeon.
You worshipped Trog.
Trog was pleased with you.
You were something dangerously unstable.
You visited 1 branch of the dungeon, and saw 5 of its levels.

You collected 195 gold pieces.
You spent 120 gold pieces at shops.

Inventory:

Hand Weapons
 w - a +0 battleaxe
Missiles
 x - 8 poisoned darts
Armour
 a - a +0 animal skin (worn)
 h - a +0 cloak (worn)
Jewellery
 e - an amulet of the acrobat (around neck)
 g - a ring of poison resistance (left claw)
 k - an amulet of magic regeneration
Talismans
 c - a beast talisman
 d - a flux talisman (active)
Scrolls
 i - a scroll of fog
 j - 2 scrolls of teleportation
 l - a scroll of summoning
 r - 2 scrolls of vulnerability
 u - a scroll of blinking
Potions
 b - 2 potions of lignification
 f - a potion of attraction
 m - a potion of cancellation
 n - a potion of brilliance
 o - 4 potions of curing
 p - 2 potions of resistance
 q - a potion of ambrosia
 s - 2 potions of mutation {unknown}
 t - a potion of haste
 v - 2 potions of enlightenment {unknown}


   Skills:
 - Level 0.7 Fighting
 - Level 3.2 Dodging
 + Level 5.0 Unarmed Combat
 + Level 6.0 Shapeshifting


You had 6 spell levels left.
You didn't know any spells.
Your spell library contained the following spells:

 Spells                   Type           Power      Damage    Failure   Level
 Sandblast                Erth           0%         2d4       50%         1
 Passwall                 Tmut/Erth      0%         N/A       65%         2
 Stone Arrow              Conj/Erth      0%         3d7       86%         3


Dungeon Overview and Level Annotations

Branches:
Dungeon (5/15)
 Temple: D:4-7

Altars:
Ru
Trog
Vehumet

Shops:
D:3 !


Innate Abilities, Weirdness & Mutations

You are something dangerously unstable.
You glow with magical radiation, making you easy to see and hit.
Foes you strike become dangerously contaminated with magical radiation.
You are incapable of wielding weapons or throwing items.
You are too large for most types of armour.
You have claws for hands.
Your natural rate of healing is unusually fast.
You are covered in fur. (AC +1)
You have tough skin. (AC +1)


Message History

You claw the gnoll sergeant!
The gnoll sergeant glows dangerously bright.
The gnoll sergeant is severely wounded.
You feel sick.
The black bear bites you but does no damage.
The black bear claws you but does no damage. x2
The gnoll misses you.
You claw the gnoll sergeant!
The gnoll sergeant shudders as magic cascades through it.
The gnoll sergeant twists and deforms.
The gnoll sergeant is almost dead.
The gnoll hits you with a +0 spear. The black bear bites you.
The black bear claws you. x2
* * * LOW HITPOINT WARNING * * *
The gnoll hits you but does no damage.
The gnoll hits you from afar with a +0 spear.
* * * LOW HITPOINT WARNING * * *
The gnoll hits you with a +0 club.
* * * LOW HITPOINT WARNING * * *
The gnoll sergeant hits you with a +1 spear of venom.
* * * LOW HITPOINT WARNING * * *
Unknown command.
You claw the gnoll sergeant!
You kill the gnoll sergeant!
Trog accepts your kill.
You feel sick.
Training target 6.0 for Shapeshifting reached!
Your Shapeshifting skill increases to level 6!
You need to enable at least one skill for training.
You claw the black bear!
The black bear begins to glow.
The black bear is heavily wounded.
You feel sick.
The gnoll hits you from afar with a +0 spear.
* * * LOW HITPOINT WARNING * * *
The black bear bites you.
* * * LOW HITPOINT WARNING * * *
The black bear claws you.
* * * LOW HITPOINT WARNING * * *
The black bear barely misses you. The gnoll hits you with a +0 club.
You die...

........# ........#
........# #...^...#
#.......# ~.......#
~...##.#################+
~#+###.##.#......g.......
~.........#....)Bg.......
#.........'.....hg:......
#.........#.....gg.......
..........#..............
..........#..............
#...##..###..............
#... #+## ##'###########.
#... ...............
...............


You could see a black bear (contam) and 5 gnolls.

Vanquished Creatures
  An ogre (D:4)
  2 centaurs
  2 phantoms (D:5)
  A gnoll sergeant (D:5)
  An orc priest (D:4)
  A sleepcap (D:4)
  An iguana (D:4)
  2 orc wizards (D:4)
  5 adders
  A worm (D:2)
  5 dart slugs
  5 orcs (D:4)
  5 ball pythons
  3 bats
  4 endoplasms
  6 giant cockroaches
  2 goblins
  5 hobgoblins
  8 jackals
  3 quokkas
  2 frilled lizards (D:2)
  2 kobolds
  6 rats
73 creatures vanquished.

Notes
Turn   | Place    | Note
-------+----------+-------------------------------------------
     0 | D:1      | Hubris850 the Troll Shapeshifter began the quest for the
                  | Orb.
     0 | D:1      | Reached XP level 1. HP: 18/18 MP: 0/0
   130 | D:1      | Reached XP level 2. HP: 26/26 MP: 1/1
   497 | D:1      | Found a faded altar of an unknown god.
   504 | D:1      | Prayed at the altar of an unknown god.
   504 | D:1      | Became a worshipper of Trog the Wrathful
   504 | D:1      | Reached * piety under Trog
   763 | D:2      | Reached XP level 3. HP: 32/32 MP: 2/2
  1347 | D:3      | Reached XP level 4. HP: 40/40 MP: 3/3
  1655 | D:3      | Reached ** piety under Trog
  1658 | D:3      | Found Pusurch's Distillery.
  1666 | D:3      | Bought a potion of haste for 120 gold pieces
  1923 | D:4      | Found a sacrificial altar of Ru.
  2113 | D:4      | Reached XP level 5. HP: 40/46 MP: 4/4
  2203 | D:4      | Noticed a centaur
  2214 | D:4      | Killed a centaur
  2215 | D:4      | Reached skill level 4 in Shapeshifting
  2215 | D:4      | Reached XP level 6. HP: 46/54 MP: 5/5
  2277 | D:4      | Reached skill level 5 in Unarmed Combat
  2423 | D:4      | Found a radiant altar of Vehumet.
  2780 | D:5      | Entered Level 5 of the Dungeon
  2792 | D:5      | Reached skill level 5 in Shapeshifting
  2810 | D:5      | Reached XP level 7. HP: 61/61 MP: 6/6
  2884 | D:5      | Reached skill level 6 in Shapeshifting
  2884 | D:5      | HP: 2/91 [black bear (3)]
  2884 | D:5      | Slain by a gnoll

Illustrated notes

Levels and vault maps discovered:
D:1:      wander_arrival_peaceful_grave, layout_loops_ring,
          dilly_ecumenical_altar_fadedgnrine, minmay_distorted
D:2:      layout_basic, nrook_uturn, nicolae_the_louvre
D:3:      layout_loops_cross, serial_shops, shop
D:4:      layout_gridville, marbit_many_paths, nicolae_ru_awakened_eye,
          minmay_strange_pillars, hangedman_abyss_or_decor_jellyfish_corner
D:5:      wander_river, layout_gridville, serial_glass, glass_columns_b,
          glass_columns_b, glass_columns_b, glass_columns_b, item_on_display_a,
          minmay_strange_pillars, cheibrodos_sewer_entry_sluice, uniq_grinder

Skill      XL: |  1  2  3  4  5  6  7 |
---------------+----------------------+-----
Dodging        | 2 3 |  3.2
Unarmed Combat | 4 5 |  5.0
Shapeshifting  | 4 5 6 |  6.0
Fighting       | |  0.7

Action                     |  1- 3 |  4- 6 |  7- 9 || total
---------------------------+-------+-------+-------++-------
  Melee: Unarmed           |    74 |    82 |    18 ||   174
         Punch             |     1 |     2 |       ||     3
 Invoke: Berserk           |       |       |     1 ||     1
Ability: Begin Untransform |     1 |       |     1 ||     2
    Use: Scroll            |     8 |     7 |       ||    15
   Stab: Sleeping          |     1 |     1 |       ||     2
 Armour: Animal skin       |    26 |    25 |    11 ||    62
  Dodge: Dodged            |    41 |    59 |    16 ||   116
   Form: Beast             |     1 |       |       ||     1
         Flux              |       |       |     1 ||     1

Table legend: (Time is in decaauts)
 A = Elapsed time spent in this place.
 B = Non-inter-level travel time spent in this place.
 C = Inter-level travel time spent in this place.
 D = Time resting spent in this place.
 E = Time spent auto-exploring this place.
 F = Levels seen in this place.
 G = Mean time per level.
                   A        B        C        D        E       F      G
               +--------+--------+--------+--------+--------+-----+--------+
         Total |   2867 |   2783 |     84 |     83 |   2193 |   5 |  573.4 |
       Dungeon |   2867 |   2783 |     84 |     83 |   2193 |   5 |  573.4 |
               +--------+--------+--------+--------+--------+-----+--------+

Top non-repeatable levels by time:
     D:4: 909 daAuts
     D:1: 715 daAuts
     D:3: 599 daAuts
     D:2: 543 daAuts
     D:5: 99 daAuts
